[Event "*** Titled Tuesday Blitz"]
[Site "Chess.com"]
[Date "2018.06.05"]
[Round "8"]
[White "albi1999"]
[Black "ENEASZ"]
[Result "1-0"]
[WhiteElo "2539"]
[BlackElo "2501"]
[TimeControl "180+2"]
[EndTime "14:58:02 PDT"]
[Termination "albi1999 won by resignation"]

1. d4 d6 2. g3 g6 3. Bg2 Bg7 4. Nf3 Nf6 5. O-O O-O 6. c4 Nc6 7. Nc3 Bf5 8. d5 Na5 9. Nd2 c5 10. e4 Bg4 11. Qc2 a6 12. h3 Bd7 13. b3 b5 14. Bb2 Rb8 15. Rab1 h5 16. f4 Qc8 17. Kh2 h4 18. g4 Bxg4 19. e5 Bf5 20. Nce4 Nxe4 21.
Nxe4 bxc4 22. bxc4 Rb4 23. exd6 Rxc4 24. Qe2 Bxe4 25.
Bxg7 Bxg2 26. Kxg2 Kxg7 27. dxe7 Re8 28. f5 gxf5 29. Qd2 Rxe7 30. Qg5+ Kf8 31. Qh6+ Ke8 32.
Rfe1 Rce4 33. Rxe4 fxe4 34. Rb8 Qxb8 35. Qh8+ Kd7 36.
Qxb8 e3 37. Kf1 e2+ 38. Ke1 Nc4 39. Qb7+ Kd8 40. Qa8+ Kd7 41. Qc6+ Kd8 42. Qxc5 Ne5 43. Qb6+ Ke8 44. Qb3 Nd7 45. Qc3 Re5 46. d6 Rc5 47. Qh8+ Nf8 48. d7+ Kxd7 49. Qxf8 Rf5 50. Kxe2 Rf6 51.
Qa8 Re6+ 52. Kf3 Ke7 53. Qb7+ Kf6 54. Kg4 Re5 55. Kxh4 Re6 56. Kg4 Kg6 57. h4 f5+ 58.
Kf4 Re4+ 59. Qxe4 fxe4 60. Kxe4 a5 61. a4 Kh5 62. Kd4 Kxh4 63. Kc5 Kg5 64. Kb5 Kf6 65. Kxa5 Ke7 66. Kb6 Kd8 67. Kb7 Kd7 68. a5 Kd6 69. a6 Kd7 70. a7 1-0

[Event "*** Titled Tuesday Blitz"]
[Site "Chess.com"]
[Date "2018.06.05"]
[Round "8"]
[White "Triumphmate"]
[Black "Siemba"]
[Result "0-1"]
[WhiteElo "2130"]
[BlackElo "2055"]
[TimeControl "180+2"]
[EndTime "14:58:02 PDT"]
[Termination "Siemba won by resignation"]

1. e4 c5 2. Nf3 d6 3. d4 cxd4 4.
Nxd4 Nf6 5. Nc3 g6 6. f4 Nc6 7.
Nf3 Bg7 8. Bd3 O-O 9. O-O Ng4 10. Qe1 Nd4 11. Kh1 Qb6 12. Nd5 Qd8 13. Qh4 Nxf3 14.
Nxe7+ Kh8 15. gxf3 Nf6 16. Nd5 Nxd5 17. Qxd8 Rxd8 18.
exd5 b6 19. c4 Ba6 20. Rb1 Rac8 21. b3 f5 22. Bb2 Bb7 23. Rfe1 Re8 24. Kg2 Rxe1 25.
Bxg7+ Kxg7 26. Rxe1 Kf7 27. Re6 Rd8 28. Kg3 Bc8 29.
Re2 a6 30. Kh4 h6 31. b4 Bb7 32. Rc2 Rc8 33. Kg3 Rc7 34. a4 b5 35. cxb5 Rxc2 36. bxa6 Rc7 37. axb7 Rxb7 38. b5 Ra7 39. Bc2 Ke7 40. b6 Ra8 41. a5 Rxa5 42. Bd3 Kd7 43. h4 Rxd5 44. Bc4 Rc5 45. Bf7 Kc6 46. Bxg6 Kxb6 47.
h5 Kc6 48. Kf2 Kd7 49. Ke3 Ke6 50. Kd4 Ra5 51. Bh7 Ra4+ 52. Ke3 Ra3+ 53. Kd4 Rxf3 54. Bg8+ Kf6 55. Kd5 Rxf4 56. Kxd6 Rh4 57. Bf7 Kxf7 58. Ke5 Rxh5 59. Kf4 Rg5 0-1

[Event "*** Titled Tuesday Blitz"]
[Site "Chess.com"]
[Date "2018.06.05"]
[Round "8"]
[White "OparinGrigoriy"]
[Black "Durarbayli"]
[Result "1-0"]
[WhiteElo "2890"]
[BlackElo "2666"]
[TimeControl "180+2"]
[EndTime "14:58:13 PDT"]
[Termination "OparinGrigoriy won by resignation"]

1. Nf3 c5 2. e4 a6 3. c4 e6 4. Nc3 Qc7 5. d4 cxd4 6. Nxd4 Nf6 7. Be2 Bb4 8. Qd3 Nc6 9. O-O O-O 10. Bd2 Ne5 11.
Qg3 d6 12. Bg5 Ne8 13. Rac1 Bc5 14. Rfd1 Kh8 15. Nb3 Ba7 16. Bf4 f6 17. Bh5 Bd7 18.
Qh3 g5 19. Be3 Bxe3 20. Qxe3 Ng7 21. Be2 Rad8 22. Nd4 Bc8 23. h4 gxh4 24. Qh6 Ng6 25. Nf3 Qf7 26. Nxh4 Nxh4 27. Qxh4 f5 28. Bf3 Rd7 29.
Rc2 e5 30. Rcd2 Qg6 31. c5 Ne8 32. exf5 Qxf5 33. cxd6 Qg6 34. Be4 Qg7 35. Ne2 Rf6 36. Qh5 Rf8 37. Ng3 Nf6 38. Qf5 Rxd6 39. Qxe5 Re6 40.
Qd4 Nxe4 41. Nxe4 Qxd4 42. Rxd4 Re7 43. f3 Be6 44. a3 Rc8 45. R1d2 Kg7 46. Kf2 h6 47.
Rd6 Rc1 48. Ng3 Rb1 49. Nh5+ Kf7 50. Nf4 Rh1 51. Rb6 Bc4 52. Rd4 Bb5 53. Nd5 Re2+ 54. Kg3 Rg1 55. Nf4 Re7 56. Rxh6 Kg7 57. Rdd6 Rb1 58. b4 Rb3 59. Rdf6 Bc6 60. Ne6+ 1-0

[Event "*** Titled Tuesday Blitz"]
[Site "Chess.com"]
[Date "2018.06.05"]
[Round "8"]
[White "nabukatnezarr"]
[Black "Angry_Serb"]
[Result "0-1"]
[WhiteElo "2312"]
[BlackElo "2460"]
[TimeControl "180+2"]
[EndTime "14:58:14 PDT"]
[Termination "Angry_Serb won by resignation"]

1. Nf3 g6 2. e4 Bg7 3. d4 d6 4.
Bc4 a6 5. Qe2 b5 6. Bb3 Nc6 7.
c3 e5 8. Bg5 Nf6 9. O-O O-O 10.
d5 Na5 11. Bc2 c6 12. dxc6 Qc7 13. Rd1 Qxc6 14. Nbd2 Re8 15. Nf1 h6 16. Bxf6 Bxf6 17. Ne3 Nc4 18. Nd5 Bg7 19. Bd3 Be6 20. b3 Nb6 21.
Nxb6 Qxb6 22. c4 Rab8 23. Rac1 f5 24. Nh4 f4 25. Nxg6 Kh7 26. Nh4 Bf6 27. Nf5 Rg8 28. Qh5 Rg6 29. Bb1 Rd8 30. cxb5 axb5 31. Qf3 Rg5 32.
Kh1 d5 33. exd5 Bxf5 34. Bxf5+ Rxf5 35. Qe4 Kg6 36. g4 fxg3 37. fxg3 Bg5 38. g4 Bxc1 39. Qxf5+ Kg7 40. Qxe5+ Qf6 41. Qxf6+ Kxf6 42. Rxc1 Rxd5 43. Rc2 Kg5 44. h3 Kh4 45. Kg2 Rd3 46. b4 Rg3+ 47.
Kf2 Kxh3 48. Rc5 Rg2+ 49. Kf3 Rg3+ 50. Ke2 Kxg4 51. Kd1 Rg2 52. a3 h5 53. Rxb5 h4 54. Rb8 h3 55. Rg8+ Kf3 56. Rf8+ Ke3 57. Re8+ Kd3 58. Rd8+ Kc4 59. Rc8+ Kb3 60. Rh8 h2 61. Rh3+ Ka4 62. b5 Kxb5 63. a4+ Kxa4 64. Ke1 Rg1+ 65. Ke2 h1=Q 66. Rh4+ Qxh4 0-1

[Event "*** Titled Tuesday Blitz"]
[Site "Chess.com"]
[Date "2018.06.05"]
[Round "8"]
[White "korason34"]
[Black "OK97"]
[Result "1/2-1/2"]
[WhiteElo "2474"]
[BlackElo "2658"]
[TimeControl "180+2"]
[EndTime "14:58:35 PDT"]
[Termination "Game drawn by agreement"]

1. Nf3 d5 2. d4 Bf5 3. c4 e6 4. Nc3 Nf6 5. cxd5 exd5 6. Qb3 Nc6 7. a3 Na5 8. Qa4+ c6 9. Bf4 b5 10. Qd1 Nc4 11. Qc1 Be7 12. e3 O-O 13. h3 h6 14. Be2 a5 15. O-O a4 16. Ne5 Na5 17. Bd1 Rc8 18. Qd2 Bd6 19. Rc1 Re8 20. Qe2 Bh7 21. Na2 Nc4 22. Nxc4 dxc4 23. Bxd6 Qxd6 24.
Bc2 Qxd4 25. Bxh7+ Kxh7 26. Rfd1 Qe5 27. Nc3 Rcd8 28.
Qf3 Qe6 29. Kf1 g6 30. Ke2 Kg7 31. Qf4 g5 32. Qf3 Kg6 33. Kf1 h5 34. Kg1 Rd3 35. Rxd3 cxd3 36. Rd1 Qc4 37. e4 Nxe4 38. Rxd3 Re6 39.
Nd1 Nc5 40. Rd8 Re1+ 41. Kh2 Qf4+ 42. Qxf4 gxf4 43. Nc3 Re6 44. Rd4 Kf5 45. Rd8 Ne4 46. Ne2 c5 47. Rd5+ Re5 48. Rd7 f6 49. Kg1 Ng5 50. Nc3 Re1+ 51. Kh2 f3 52. Nxb5 fxg2 53. Kxg2 Re2 54. Rd5+ Ke6 55. Nc7+ Kf7 56. Rxc5 Ne4 57. Rf5 Rxb2 58. Rf4 Nc3 59. Na6 Rb3 60. Nc5 Rxa3 61. Rf3 Ke7 62. Nxa4 Rxa4 63. Rxc3 h4 64.
Re3+ Kf7 65. Kf3 Kg6 1/2-1/2

[Event "*** Titled Tuesday Blitz"]
[Site "Chess.com"]
[Date "2018.06.05"]
[Round "8"]
[White "enriquetejedor"]
[Black "Abund"]
[Result "1-0"]
[WhiteElo "2559"]
[BlackElo "2504"]
[TimeControl "180+2"]
[EndTime "14:58:48 PDT"]
[Termination "enriquetejedor won by resignation"]

1. e4 c6 2. Nc3 d5 3. Nf3 Nf6 4. e5 Ne4 5. Ne2 Qb6 6. d4 e6 7. Ng3 c5 8. Bd3 Nxg3 9. hxg3 cxd4 10. a3 h6 11. b3 Bd7 12. Bb2 Bb5 13. Bxd4 Qa5+ 14.
b4 Qa6 15. g4 Bxd3 16. Qxd3 Qxd3 17. cxd3 Nc6 18. Bb2 a6 19. Kd2 Be7 20. g5 h5 21.
g4 h4 22. Ke3 Bd8 23. Kf4 Ne7 24. Nxh4 Rxh4 25. Rxh4 Ng6+ 26. Kg3 Nxh4 27. Kxh4 Rc8 28. Rc1 Rxc1 29. Bxc1 g6 30. Kg3 Kd7 31. Bd2 Kc6 32.
a4 Bb6 33. f4 Bd4 34. Kf3 Kb6 35. Ke2 Kc6 36. Bc1 Bc3 37. Bd2 Bd4 38. Kd1 Bf2 39.
Kc2 Kb6 40. f5 Kc6 41. Bc3 d4 42. Bd2 Bg3 43. fxg6 fxg6 44. Kb3 Kd5 45. b5 axb5 46. axb5 Bxe5 47. Kb4 Bc7 48. Kb3 Bb6 49. Bf4 Kc5 50. Ka4 Kd5 51. Bg3 e5 52. Kb4 e4 53. dxe4+ Kxe4 54.
Kc4 d3 55. Be1 Ke3 56. Kd5 Ke2 57. Bc3 Be3 58. Ke6 Bd2 59. Bf6 Bxg5 60. Bxg5 Kf3 61. Kf6 Kxg4 62. Kxg6 Kf3 63. Kf5 Ke2 64. Ke5 d2 65. Bxd2 Kxd2 66. b6 Kc3 67. Kd6 Kc4 68.
Kc7 Kb5 69. Kxb7 Ka5 70. Kc7 Ka6 71. b7 Ka5 72. b8=Q Ka4 73. Qb2 1-0

[Event "*** Titled Tuesday Blitz"]
[Site "Chess.com"]
[Date "2018.06.05"]
[Round "8"]
[White "awesomevishesh"]
[Black "savinspm"]
[Result "1/2-1/2"]
[WhiteElo "2103"]
[BlackElo "2135"]
[TimeControl "180+2"]
[EndTime "14:58:58 PDT"]
[Termination "Game drawn by repetition"]

1. Nf3 Nf6 2. g3 d5 3. Bg2 Bf5 4. O-O c6 5. d3 e6 6. c4 Nbd7 7.
cxd5 exd5 8. Nc3 Bd6 9. e4 Be6 10. exd5 Nxd5 11. Nd4 Nxc3 12. bxc3 O-O 13. Nxe6 fxe6 14.
d4 Qf6 15. Be3 Nb6 16. Qb3 Rab8 17. c4 Bc7 18. a4 Kh8 19. a5 Nd7 20. a6 bxa6 21. Qa4 e5 22. Qxc6 Qxc6 23. Bxc6 exd4 24. Bxd4 Be5 25. Bxe5 Nxe5 26. Bd5 Rbc8 27. Rxa6 Nxc4 28. Rxa7 Nd2 29. Rd1 Nf3+ 30. Bxf3 Rxf3 31. Rdd7 Rg8 32. Kg2 Rf6 33. h4 h5 34. Rd5 Rh6 35. Raa5 g6 36. Rd7 Rh7 37. Rd6 Rf7 38. Rg5 Kh7 39.
Re5 Rgf8 40. Re2 Rc8 41. Rd3 Rcf8 42. f3 Rc8 43. g4 hxg4 44. fxg4 Rc4 45. Kh3 Kh6 46.
Re8 Kg7 47. Rg3 Rff4 48. Re7+ Kf8 49. Rb7 Rc2 50. Rb8+ Kg7 51. Rb7+ Rf7 52. Rxf7+ Kxf7 53.
Ra3 Rc7 54. Kg3 Kg7 55. Ra4 Rf7 56. Ra5 Kh6 57. g5+ Kg7 58. Kg4 Rb7 59. Ra4 Rc7 60.
Rf4 Rc5 61. Re4 Rc7 62. Rd4 Rb7 63. Rc4 Rd7 64. Ra4 Rb7 65. h5 gxh5+ 66. Kxh5 Rb6 67. Ra7+ Kg8 68. Rc7 Kf8 69. Ra7 Kg8 70. Rd7 Rc6 71. Rb7 Ra6 72. Rc7 Rb6 73. Rc8+ Kg7 74. Rc7+ Kg8 75.
Rc8+ Kg7 76. Rc5 Ra6 77. Rc7+ Kg8 78. Rb7 Rc6 79. Ra7 Rb6 80. g6 Rb1 81. Ra8+ Kg7 82. Ra7+ Kg8 83. Ra8+ Kg7 84. Ra7+ Kg8 85. Kh6 Rh1+ 86.
Kg5 Rg1+ 87. Kf6 Rf1+ 88. Kg5 Rg1+ 89. Kf6 Rf1+ 90. Ke6 Re1+ 91. Kf5 Rf1+ 92. Kg5 Rg1+ 1/2-1/2

[Event "*** Titled Tuesday Blitz"]
[Site "Chess.com"]
[Date "2018.06.05"]
[Round "8"]
[White "GGX0X0"]
[Black "ehrenfeld"]
[Result "0-1"]
[WhiteElo "2315"]
[BlackElo "2456"]
[TimeControl "180+2"]
[EndTime "14:59:03 PDT"]
[Termination "ehrenfeld won by resignation"]

1. e4 e5 2. Nf3 Nc6 3. Bc4 Nf6 4. d3 Be7 5. O-O O-O 6. Re1 d6 7. a4 Na5 8. Ba2 c5 9. c3 Nc6 10. h3 Be6 11. Na3 h6 12. Bxe6 fxe6 13. d4 cxd4 14.
cxd4 exd4 15. Nxd4 Nxd4 16. Qxd4 d5 17. exd5 exd5 18.
Be3 Qd7 19. Nb5 a6 20. Nc3 Rad8 21. Rad1 Qc7 22. Qa7 Rd7 23. Qb6 Qxb6 24. Bxb6 Bb4 25. Re2 Bxc3 26. bxc3 Rc8 27. Bd4 Kf7 28. f3 Ne8 29.
Rb1 Nd6 30. Re5 Nc4 31. Re2 Re8 32. Kf2 Rxe2+ 33. Kxe2 Ke6 34. Kd3 Kd6 35. f4 Re7 36. g3 g6 37. g4 Rf7 38. f5 gxf5 39. gxf5 Rxf5 40. Rxb7 Rf3+ 41. Ke2 Rxh3 42. Ra7 a5 43. Ra6+ Kd7 44. Ra7+ Ke6 45. Ra6+ Kf5 46. Rf6+ Ke4 47. Re6+ Kf4 48. Rf6+ Kg5 49. Rf8 Rh2+ 50. Kf3 Ra2 51. Rd8 Nd2+ 52. Ke3 Nf1+ 53. Kf3 Nh2+ 54. Kg3 Nf1+ 55.
Kf3 Nd2+ 56. Ke3 Nb3 57. Rxd5+ Kg4 58. Rb5 Nxd4 59. cxd4 Rxa4 60. Rb6 h5 61. Rg6+ Kf5 62. Rg8 h4 63. Rh8 h3 64. d5 Ke5 65. Rh5+ Kd6 66.
Kd2 Ra3 67. Kc2 a4 68. Kb2 Rd3 69. Rh4 a3+ 70. Ka2 Kxd5 71. Rh8 Ke5 72. Re8+ Kf4 73. Rg8 h2 74. Rh8 Rd2+ 75. Kxa3 Kf3 76. Kb3 Kg2 77. Rg8+ Kf1 78. Rh8 Kg1 79. Kc3 Rg2 80. Ra8 h1=Q 81. Ra1+ Kh2 0-1

[Event "*** Titled Tuesday Blitz"]
[Site "Chess.com"]
[Date "2018.06.05"]
[Round "8"]
[White "EmreDedebas"]
[Black "1stSecond"]
[Result "0-1"]
[WhiteElo "2379"]
[BlackElo "2610"]
[TimeControl "180+2"]
[EndTime "14:59:30 PDT"]
[Termination "1stSecond won by resignation"]

1. d4 Nf6 2. c4 e6 3. Nf3 b6 4. g3 Bb7 5. Bg2 Bb4+ 6. Bd2 a5 7. O-O O-O 8. Nc3 d6 9. Qc2 Bxc3 10. Bxc3 Be4 11. Qd2 Nbd7 12. Rfd1 Qb8 13. Bf1 b5 14. cxb5 Qxb5 15. e3 Qh5 16. Ne1 Nb6 17. Qe2 Qxe2 18. Bxe2 Nfd5 19. Bd2 Bg6 20. Rdc1 a4 21. Nd3 a3 22. b3 Rfb8 23. f3 f5 24. Kf2 Kf7 25. Rc2 Ke7 26. Rac1 Kd7 27. Nb4 Rb7 28. Nxd5 Nxd5 29.
Bc4 Nf6 30. Ke2 Bh5 31. h3 h6 32. g4 Be8 33. Bd3 g6 34. Rg1 Ke7 35. Rgc1 Kd7 36.
Rg1 Bf7 37. h4 Re8 38. g5 hxg5 39. hxg5 Nh5 40. f4 e5 41. dxe5 dxe5 42. Kf2 exf4 43. exf4 Bd5 44. Be2 Ng7 45. Bc1 Ne6 46. Rd1 c6 47.
Bf3 Rb5 48. Kg3 Ra8 49. Be3 Nc7 50. Bd4 Ra6 51. Be5 Ra7 52. Rcd2 Raa5 53. Rc2 Ne6 54.
Rcd2 Ke7 55. Rh1 Nf8 56. Rh8 Bxf3 57. Kxf3 Rd5 58. Re2 Kf7 59. Bf6 Rd3+ 60. Kf2 Ra7 61. Rc2 Rad7 62. Rxc6 Rd2+ 63. Ke1 Rd1+ 64. Ke2 R7d2+ 65.
Ke3 Rxa2 66. Rc8 Nd7 67. Rh7+ Ke6 68. Re7+ Kd6 69. Rd8 Kc6 70. Rc8+ Kb7 71. Rc4 Rh2 72. Rb4+ Kc6 73. Rc4+ Kd6 74. Kf3 Rd3+ 75. Re3 Rh3+ 0-1

[Event "*** Titled Tuesday Blitz"]
[Site "Chess.com"]
[Date "2018.06.05"]
[Round "8"]
[White "dmosesov"]
[Black "CarlssonLudvig"]
[Result "0-1"]
[WhiteElo "2180"]
[BlackElo "2086"]
[TimeControl "180+2"]
[EndTime "14:59:36 PDT"]
[Termination "CarlssonLudvig won by resignation"]

1. e4 c5 2. d4 cxd4 3. c3 dxc3 4. Nxc3 Nc6 5. Nf3 d6 6. Bc4 e6 7. O-O Nf6 8. Qe2 Be7 9. Rd1 Qc7 10. Bf4 e5 11. Bg5 Bg4 12. Bxf6 Bxf6 13. Nb5 Qb8 14. Nxd6+ Ke7 15. Nf5+ Bxf5 16. exf5 Rd8 17. Qe3 Kf8 18. g4 Nd4 19. Nxd4 exd4 20. Qf3 a5 21. Rac1 b5 22. Bd3 Ra7 23. Rc5 Rb7 24. Rdc1 Bg5 25. R1c2 Be7 26. Rc6 Qe5 27. Rc8 Rd7 28. Rxd8+ Rxd8 29. Qg3 Qe1+ 30. Kg2 Bd6 31. Qh4 Re8 32. Qxh7 Qe5 33. Re2 Qd5+ 34. Kg1 Rxe2 35. Bxe2 d3 36. Bd1 Qe5 37. Kg2 d2 38. Qh8+ Ke7 39. Qh4+ Ke8 40. Qh8+ Bf8 41. Qh3 Bd6 42.
Qh8+ Kd7 43. Qh3 Qf4 44. Qg3 Qd4 45. Qf3 Qe5 46. Qb7+ Bc7 47. f4 Qe1 48. Qd5+ Ke7 49. Qf3 Bb6 50. Qe2+ Kf8 51. Qf1 Qe3 52. h3 Qc5 53.
Qe2 Qd5+ 54. Qf3 Qd4 55. Qa8+ Ke7 56. Qb7+ Kd6 57. Qb8+ Bc7 58. Qxb5 Qe4+ 59. Kf2 Qe1+ 60.
Kg2 Qxd1 61. Qd3+ Ke7 62. Qe4+ Kf8 63. Qa8+ Ke7 64. Qe4+ Kd7 65. Qd5+ Bd6 66. Qxf7+ Kc6 67. Qc4+ Kb6 68. Qd4+ Bc5 69. Qd8+ Kb5 70. Qd7+ Kc4 71. Qe6+ Kd3 72. Qd5+ Bd4 73. Qb5+ Kc2 74. Qb3+ Kc1 75. Qc4+ Qc2 76. Qxd4 d1=Q+ 77. Qf2 Qxf2+ 78. Kxf2 Qd2+ 0-1

[Event "*** Titled Tuesday Blitz"]
[Site "Chess.com"]
[Date "2018.06.05"]
[Round "8"]
[White "mishanick"]
[Black "Ar4uha"]
[Result "1-0"]
[WhiteElo "2832"]
[BlackElo "2587"]
[TimeControl "180+2"]
[EndTime "15:00:02 PDT"]
[Termination "mishanick won on time"]

1. d4 Nf6 2. c4 e6 3. Nf3 b6 4. g3 Ba6 5. Qc2 d5 6. cxd5 exd5 7. Bg2 Bb4+ 8. Bd2 Bd6 9. Nc3 O-O 10.
O-O Re8 11. Rfe1 Nbd7 12. Bf4 Bxf4 13. gxf4 c5 14. Rad1 cxd4 15. Nxd4 Bb7 16. e3 Qe7 17. Qb3 Nc5 18. Qa3 g6 19. Ncb5 a6 20. Nc3 b5 21.
Nde2 Red8 22. Qb4 Rac8 23. Nd4 Qc7 24. Nb3 Nxb3 25. Qxb3 d4 26. Bxb7 Qxb7 27. exd4 Qf3 28. Ne4 Qxf4 29. Nxf6+ Qxf6 30. d5 Rc5 31. Re3 Rc4 32.
Qd3 Rd6 33. b3 Rg4+ 34. Rg3 Rf4 35. Qe2 h5 36. Rgd3 h4 37. f3 Rf5 38. Qe4 Re5 39. Qd4 Qg5+ 40. Kf2 Rf5 41. Qe4 Re5 42. Qg4 Qf6 43. Rd4 Rg5 44. Qxh4 Kg7 45. R1d2 Qf5 46. Qe4 Qh3 47. Qf4 Rg2+ 48. Ke3 Rf6 49.
Qe4 Rg1 50. Re2 Qf1 51. d6 Re6 52. Qxe6 fxe6 53. d7 Qc1+ 54. Rdd2 Qc5+ 55. Rd4 Qc3+ 56. Rd3 Qe5+ 57. Kd2 Qb2+ 58. Ke3 Qe5+ 59. Kd2 Qb2+ 60.
Ke3 Qc1+ 61. Kf2 Rf1+ 62. Kg2 Rg1+ 63. Kf2 Rg5 64. f4 Qg1+ 65. Kf3 Qf1+ 66. Ke3 Qg1+ 67. Kd2 Rc5 68. Re1 Qf2+ 69. Re2 Qxf4+ 70. Ree3 Qf2+ 71. Re2 Qf4+ 72. Ree3 Qxh2+ 73. Re2 Qf4+ 74. Ree3 Qf2+ 75. Re2 Qf4+ 76. Ree3 Qb4+ 77. Kd1 Qg4+ 78. Kd2 Qb4+ 79. Ke2 Rc2+ 80. Kd1 Qc5 81. d8=Q Rc1+ 82. Ke2 Qg5 83. Qxg5 1-0

[Event "*** Titled Tuesday Blitz"]
[Site "Chess.com"]
[Date "2018.06.05"]
[Round "8"]
[White "Keaton87"]
[Black "Arystanner23"]
[Result "1-0"]
[WhiteElo "2483"]
[BlackElo "2615"]
[TimeControl "180+2"]
[EndTime "15:00:15 PDT"]
[Termination "Keaton87 won by resignation"]

1. d4 Nf6 2. Nf3 e6 3. e3 c5 4. Bd3 b6 5. O-O Bb7 6. c4 Be7 7. Nc3 O-O 8. d5 exd5 9. cxd5 a6 10. e4 d6 11. a4 Nbd7 12. h3 Rc8 13. Bf4 c4 14. Bc2 Nc5 15. Re1 Re8 16. Qd4 Nfd7 17. Qxc4 Ne6 18. Qxc8 Qxc8 19. dxe6 fxe6 20. Bb3 Nc5 21.
Ba2 Kh8 22. Rad1 e5 23. Bg5 Qc7 24. Nd5 Bxd5 25. Bxd5 h6 26. Be3 a5 27. Rc1 Qd7 28.
Bxc5 bxc5 29. b3 Rf8 30. Rc3 Qa7 31. Bc4 Qb6 32. Rd3 Qb4 33. Red1 Qa3 34. Nh2 Bg5 35.
Nf3 Be7 36. g3 Qb4 37. Kg2 Qb7 38. Bd5 Qc8 39. Nh2 h5 40. Bc4 g6 41. Rc3 Qb7 42. Bd5 Qb4 43. Rdd3 Qa3 44. Rf3 Rf6 45. Rxf6 Bxf6 46.
Rf3 Kg7 47. h4 Qb2 48. Nf1 g5 49. hxg5 Bxg5 50. Rf5 Kh6 51. Nh2 Qc2 52. Nf3 Be3 53.
Nh4 Bg5 54. Nf3 Bd8 55. Rf8 Be7 56. Rf7 Bg5 57. Rf5 Be3 58. Nh4 Bg5 59. Nf3 Bd8 60. Rf8 Be7 61. Rh8+ Kg7 62. Rxh5 c4 63. bxc4 Qxa4 64. c5 dxc5 65. Nxe5 Qd4 66. Nc6 Qc3 67.
Nxe7 a4 68. Nf5+ Kf8 69. Ne3 a3 70. Rf5+ Ke8 71. g4 Qb2 72. Kg3 Qb8+ 73. Kf3 Qb1 74.
g5 a2 75. Bxa2 Qxa2 76. Rxc5 Qa1 77. Rf5 Qh1+ 78. Kf4 Qh2+ 79. Kg4 Qg1+ 80. Kh5 Qh1+ 81. Kg6 Qxe4 82. Kh6 Qh1+ 83. Kg7 Qb7+ 84. Kg8 Qb3+ 85.
Nd5 Qh3 86. Re5+ Kd8 87. Nf6 Qc3 88. Re8+ Kc7 89. Nd5+ 1-0

[Event "*** Titled Tuesday Blitz"]
[Site "Chess.com"]
[Date "2018.06.05"]
[Round "8"]
[White "Hrant_ChessMood"]
[Black "ChessWarrior7197"]
[Result "1/2-1/2"]
[WhiteElo "2912"]
[BlackElo "2692"]
[TimeControl "180+2"]
[EndTime "15:01:16 PDT"]
[Termination "Game drawn by repetition"]

1. d4 Nf6 2. Nf3 g6 3. Nc3 Bg7 4. e4 d6 5. Be2 O-O 6. O-O a6 7. a4 Nc6 8. d5 Nb4 9. Re1 c5 10. h3 Rb8 11. Bf1 Nd7 12. Bf4 Qc7 13. Qd2 Re8 14. Nd1 a5 15. Nc3 Qd8 16. Bb5 Rf8 17.
Rad1 Nb6 18. e5 Bf5 19. exd6 exd6 20. Ne4 Bxe4 21. Rxe4 Qf6 22. c3 N4xd5 23. Bg3 Qf5 24. Ree1 Rbd8 25. Nh4 Qc8 26. Qc2 c4 27. Nf3 Qc5 28.
Nd4 Nc7 29. Re2 Qh5 30. Red2 Bxd4 31. Rxd4 Nxb5 32. axb5 Qxb5 33. Bxd6 Rfe8 34. Qc1 Nc8 35. Ba3 Rxd4 36. Rxd4 Qc6 37. Qf4 b5 38. Kh2 Qb7 39.
Bc5 Qc6 40. Ba3 Qe6 41. f3 Qb6 42. Rd7 Qe6 43. Rc7 Ne7 44. Bxe7 Rxe7 45. Rc5 Re8 46. Rxb5 Qe2 47. Qd4 a4 48. Rb4 Qc2 49. Qxc4 Kg7 50. Qd4+ Kg8 51. c4 Rc8 52. Qg4 Rd8 53. Qg5 Re8 54. Qf4 h5 55. Rb7 Rf8 56. h4 Kg7 57. Qd4+ Kg8 58. c5 Re8 59. Rd7 Qc1 60. Rd8 Rxd8 61.
Qxd8+ Kh7 62. Qd4 Qc2 63. Kg3 Kg8 64. Qd8+ Kh7 65. Qd4 Kg8 66. Qb4 Qc1 67. Qxa4 Qxc5 68. Qf4 Qe7 69. b4 Qe1+ 70. Kh2 Qb1 71. Qd4 Qb3 72.
Qd8+ Kh7 73. Qe7 Kg7 74. Qe5+ Kg8 75. b5 Qb4 76. Kg3 Kh7 77. Kh3 Kg8 78. Qd5 Qb1 79. Qe5 Qb4 80. Kg3 Kh7 81. Kh2 Qxh4+ 82. Kg1 Qb4 83.
Kf2 h4 84. Qe2 Qc5+ 85. Kf1 Qc1+ 86. Kf2 Qc5+ 87. Ke1 Qb4+ 88. Kd1 Qb1+ 89. Kd2 Qb2+ 90. Ke3 Qe5+ 91. Kf2 Qc5+ 92. Kf1 Qc1+ 93. Kf2 Qc5+ 94.
Ke1 Qb4+ 95. Kd1 Qb1+ 96. Kd2 Qb2+ 97. Ke3 Qe5+ 98. Kd2 Qb2+ 1/2-1/2

[Event "*** Titled Tuesday Blitz"]
[Site "Chess.com"]
[Date "2018.06.05"]
[Round "9"]
[White "GianmarcoVaR"]
[Black "albi1999"]
[Result "1-0"]
[WhiteElo "2531"]
[BlackElo "2531"]
[TimeControl "180+2"]
[EndTime "15:03:02 PDT"]
[Termination "GianmarcoVaR won by resignation"]

1. d4 d5 2. c3 Nf6 3. Bf4 e6 4. e3 c5 5. Bd3 Nc6 6. Nf3 Bd6 7.
Bg3 O-O 8. Nbd2 Qc7 9. dxc5 Bxg3 10. hxg3 a5 11. Nd4 e5 12. Bxh7+ Nxh7 13. Qh5 1-0

[Event "*** Titled Tuesday Blitz"]
[Site "Chess.com"]
[Date "2018.06.05"]
[Round "9"]
[White "GadimbayliA"]
[Black "Zaven_ChessMood"]
[Result "1/2-1/2"]
[WhiteElo "2574"]
[BlackElo "2888"]
[TimeControl "180+2"]
[EndTime "15:03:08 PDT"]
[Termination "Game drawn by agreement"]

1. e4 c5 2. Nf3 d6 3. d4 cxd4 4.
Nxd4 Nf6 5. Nc3 a6 6. g3 e5 7. Nf3 Be7 8. Bg2 b5 9. a4 b4 10. Nd5 Nxd5 11. Qxd5 Ra7 12. Be3 Rb7 13. O-O O-O 14.
Nd2 Nd7 1/2-1/2

[Event "*** Titled Tuesday Blitz"]
[Site "Chess.com"]
[Date "2018.06.05"]
[Round "9"]
[White "TomPolgar"]
[Black "JosefineHeinemann"]
[Result "1-0"]
[WhiteElo "2261"]
[BlackElo "2328"]
[TimeControl "180+2"]
[EndTime "15:03:18 PDT"]
[Termination "TomPolgar won by resignation"]

1. e4 c5 2. Nf3 d6 3. Bb5+ Bd7 4.
Bxd7+ Qxd7 5. O-O Nf6 6. e5 dxe5 7. Nxe5 Qc7 8. d4 e6 9. Bf4 Bd6 10. Na3 a6 11. Nac4 Bxe5 12. Bxe5 Qe7 13. Nb6 Ra7 14. Nc8 1-0

[Event "*** Titled Tuesday Blitz"]
[Site "Chess.com"]
[Date "2018.06.05"]
[Round "9"]
[White "Abund"]
[Black "tteshan"]
[Result "1-0"]
[WhiteElo "2505"]
[BlackElo "1994"]
[TimeControl "180+2"]
[EndTime "15:04:28 PDT"]
[Termination "Abund won by resignation"]

1. Nf3 c5 2. c4 g6 3. e4 Bg7 4.
Nc3 Nc6 5. d3 e6 6. Be3 b6 7. d4 cxd4 8. Nxd4 Nxd4 9. Bxd4 Nf6 10. e5 Nh5 11. Be2 Qc7 12. Nb5 Qd8 13. Nd6+ Kf8 14.
Bxh5 gxh5 15. Qf3 1-0

[Event "*** Titled Tuesday Blitz"]
[Site "Chess.com"]
[Date "2018.06.05"]
[Round "9"]
[White "11kevin"]
[Black "Karina_Oparina"]
[Result "1-0"]
[WhiteElo "2248"]
[BlackElo "2188"]
[TimeControl "180+2"]
[EndTime "15:04:39 PDT"]
[Termination "11kevin won by resignation"]

1. Nf3 Nf6 2. g3 b6 3. Bg2 Bb7 4. O-O e6 5. c4 Be7 6. Nc3 O-O 7. d4 Ne4 8. Qd3 Nxc3 9. Ng5 Bxg5 10. Bxb7 Bxc1 11.
Rfxc1 Nc6 12. Bxa8 Nxe2+ 13. Qxe2 Qxa8 14. d5 exd5 15. cxd5 Nd4 16. Qe4 c5 17. dxc6 Nxc6 18. Qd5 Qb7 19. Rd1 Rd8 20. Rac1 g6 21. Rxc6 1-0

[Event "*** Titled Tuesday Blitz"]
[Site "Chess.com"]
[Date "2018.06.05"]
[Round "9"]
[White "FearNoEvil12"]
[Black "Leo_C"]
[Result "1-0"]
[WhiteElo "1955"]
[BlackElo "2163"]
[TimeControl "180+2"]
[EndTime "15:05:07 PDT"]
[Termination "FearNoEvil12 won by resignation"]

1. e4 c6 2. d4 d5 3. Nc3 dxe4 4. Nxe4 Bf5 5. Ng3 Bg6 6. Bc4 e6 7. N1e2 Bd6 8. O-O Qc7 9. f4 Nf6 10. f5 exf5 11. Nxf5 O-O 12. Neg3 Nbd7 13. Bd3 Bxf5 14. Nxf5 Bxh2+ 15. Kh1 Bd6 16. Qe1 Rae8 17. Qh4 c5 18. Nxg7 Kxg7 19. Bh6+ Kh8 20. Rxf6 Bg3 21. Bg7+ Kxg7 22.
Qh6+ 1-0

[Event "*** Titled Tuesday Blitz"]
[Site "Chess.com"]
[Date "2018.06.05"]
[Round "9"]
[White "ezkybel"]
[Black "AlexTruskavetsky"]
[Result "0-1"]
[WhiteElo "2333"]
[BlackElo "2288"]
[TimeControl "180+2"]
[EndTime "15:05:42 PDT"]
[Termination "AlexTruskavetsky won by resignation"]

1. e4 e5 2. Nf3 Nc6 3. Bc4 Bc5 4. b3 Nf6 5. Nc3 O-O 6. O-O a6 7. Bb2 b5 8. Bd5 Re8 9. a3 Rb8 10. b4 Bb6 11. Bb3 Nd4 12. Nxd4 exd4 13. Nd5 Nxd5 14. Bxd5 c6 15. Bb3 Rxe4 16. d3 Re8 17. Qh5 d5 18. Rfe1 Be6 19. Re2 Qd6 20. Rae1 a5 21. bxa5 Bxa5 22. Bxd4 Bxe1 23. Rxe1 Bg4 0-1

[Event "*** Titled Tuesday Blitz"]
[Site "Chess.com"]
[Date "2018.06.05"]
[Round "9"]
[White "ehrenfeld"]
[Black "PrinceMurad09"]
[Result "1-0"]
[WhiteElo "2463"]
[BlackElo "2418"]
[TimeControl "180+2"]
[EndTime "15:05:55 PDT"]
[Termination "ehrenfeld won by resignation"]

1. e4 c5 2. d3 d5 3. exd5 Qxd5 4. Nc3 Qd8 5. g3 Nf6 6. Bg2 Nc6 7. Nf3 Bf5 8. O-O e6 9. a4 Be7 10. Bf4 O-O 11.
Ne5 Nxe5 12. Bxe5 Nd5 13. Nxd5 exd5 14. c4 Be6 15. Qb3 dxc4 16. dxc4 Qb6 17. Qxb6 axb6 18. b3 Ra7 19. Rad1 Rc8 20. h4 f6 21. Bf4 Kf7 22.
Rfe1 Rd8 23. Bc7 Rc8 24. Bxb6 Ra6 25. a5 Rb8 26. Rd2 h6 27. Rde2 1-0